 Dungeon Sprint DCSS version 0.20.1-1-g8b1a95d (webtiles) character file.

76412497 equalderp2856 the Axe Maniac (level 19, 181/207 HPs)
             Began as a Minotaur Fighter on Sept 5, 2017.
             Was an Initiate of Gozag.
             Escaped with the Orb
             ... and 17 runes!
             The game lasted 01:13:22 (23957 turns).

equalderp2856 the Axe Maniac (Minotaur Fighter)    Turns: 23957, Time: 01:13:23

Health: 181/207    AC: 47    Str: 26    XL:     19   Next: 34%
Magic:  53/53      EV: 20    Int: 11    God:    Gozag
Gold:   1618       SH: 27    Dex: 17    Spells: 62/62 levels left

rFire    . . .     SeeInvis .   b - +5 broad axe of Unreason {chop, rC+ rN+ MP+9 Dex+4}
rCold    + . .     Gourm    .   X - +0 large shield
rNeg     + . .     Faith    .   k - +6 plate armour
rPois    .         Spirit   +   (helmet restricted)
rElec    .         Reflect  .   T - +2 cloak
rCorr    .         Harm     .   I - +2 pair of gloves
MR       +....     Rnd*Rage +   J - +2 pair of boots Stlth ++........NoTele +
                                D - amulet "Mymai" {Spirit Str+3}
Regen    0.5/turn               p - +3 ring of intelligence
MPRegen  0.4/turn               q - +2 ring of protection

@: no status effects
A: retaliatory headbutt, horns 2, icy blue scales 1, yellow scales 2, berserk 1,
screaming 1, subdued magic 1
0: Orb of Zot
}: 17/15 runes: decaying, serpentine, barnacled, slimy, elven, silver, golden,
iron, obsidian, icy, bone, abyssal, glowing, magical, fiery, dark, gossamer
a: Potion Petition, Call Merchant, Bribe Branch, Renounce Religion


You escaped.
You worshipped Gozag.
Gozag was most pleased with you.
You were hungry.

You visited 1 branch You collected 58448 gold pieces.
You spent 1572 gold pieces at shops.
You paid 55258 gold pieces to Gozag.

Inventory:

Hand Weapons
 b - the +5 broad axe of Unreason (weapon) {chop, rC+ rN+ MP+9 Dex+4}
   (You found it in the Dungeon)

   It inflicts extra damage upon your enemies.
   It affects your dexterity (+4).
   It protects you from cold.
   It protects you from negative energy.
   It affects your magic capacity (+9).
 t - a +1 broad axe of chopping
 H - a +3 broad axe of freezing
 L - a +0 spear
 Q - a +9 broad axe
Armour
 c - a +0 shield
 k - a +6 plate armour (worn)
 B - a +0 plate armour
 I - a +2 pair of gloves (worn)
 J - a +2 pair of boots (worn)
 K - a +3 chain mail
 R - a +0 pair of gloves of archery
 S - a +2 hat
 T - a +2 cloak (worn)
 X - a +0 large shield (worn)
Jewellery
 a - the ring "Opseik" {Fire +Inv Str-5 Int-5 Dex+7}
   (You found it in the Dungeon)

   [ring of fire]

   It enhances your fire magic.
   It affects your strength (-5).
   It affects your intelligence (-5).
   It affects your dexterity (+7).
   It protects you from fire.
   It makes you vulnerable to cold.
   It lets you turn invisible.
 p - a +3 ring of intelligence (left hand)
 q - a +2 ring of protection (right hand)
 r - a cursed -2 ring of protection
 s - the ring of Plog {EV+3 Int+9}
   (You found it in the Dungeon)

   [ring of evasion]

   It affects your evasion (+3).
   It affects your intelligence (+9).
 y - the ring of Makhleb's Benevolence {rPois rN+ Str-4 Slay+3}
   (You found it in the Dungeon)

   [ring of slaying]

   It affects your strength (-4).
   It affects your accuracy and damage with ranged weapons and melee attacks
   (+3).
   It protects you from poison.
   It protects you from negative energy.
 D - the amulet "Mymai" (around neck) {Spirit Str+3}
   (You found it in the Dungeon)

   [amulet of guardian spirit]

   It causes incoming damage to be split between your health and magic.
   It affects your strength (+3).
 E - an uncursed ring of ice
 F - an uncursed ring of fire
 G - the ring "Apaomeor" {Ice Str+4}
   (You found it in the Dungeon)

   [ring of ice]

   It enhances your ice magic.
   It affects your strength (+4).
   It makes you vulnerable to fire.
   It protects you from cold.
 M - an uncursed ring of wizardry
 N - a +2 ring of slaying
 O - an uncursed ring of protection from magic
 P - a +6 ring of strength
 W - an uncursed ring of protection from fire {unknown}
Wands
 o - a wand of acid (0/15)
 C - a wand of digging (13/24)
 Z - a wand of scattershot (3/9)
Scrolls
 f - 3 scrolls of enchant armour
 m - 7 scrolls of remove curse
 n - 2 scrolls of amnesia
 v - 5 scrolls of fog
 w - 3 scrolls of identify
 z - a scroll of acquirement
 U - a scroll of recharging
 V - a scroll of fear
Potions
 d - 3 potions of might
 h - 4 potions of haste
 i - 4 potions of magic
 j - a potion of berserk rage
 u - 4 potions of brilliance
Books
 Y - a book of Alchemy

   Spells                             Type                      Level
   a - Sublimation of Blood           Necromancy                   2
   b - Ignite Poison                  Fire/Transmutation/Poison    3
   c - Petrify                        Transmutation/Earth          4
   d - Alistair's Intoxication        Transmutation/Poison         5
   e - Irradiate                      Conjuration/Transmutation    5
Comestibles
 x - 40 fruits
 A - 10 meat rations


   Skills:
 O Level 27 Fighting
 O Level 27 Axes
 + Level 9.4(20.2) Polearms
 O Level 27 Armour
 + Level 19.0 Dodging
 + Level 26.0 Stealth
 O Level 27 Shields
 * Level 22.3 Spellcasting
 + Level 3.3 Evocations


You had 62 spell levels left.
You didn't know any spells.

Dungeon Overview and Level Annotations

Branches:
Dungeon (1/1)

Altars:
Cheibriados
Dithmenos
Elyvilon
Fedhas
Gozag
Hepliaklqana
Kikubaaqudgha
Makhleb
Nemelex Xobeh
Okawaru
Qazlal
Ru
Sif Muna
Trog
Uskayaw
Vehumet
Xom
Yredelemnul
Zin
The Shining One
Beogh
Jiyva
Lugonu

Shops:
D =(((*%!?


Innate Abilities, Weirdness & Mutations

You reflexively headbutt those who attack you in melee.
You have a pair of horns on your head.
You are partially covered in icy blue scales. (AC +2)
You are mostly covered in yellow scales. (AC +3)
You tend to lose your temper in combat.
You occasionally shout uncontrollably at your foes.
Your spells are a little easier to cast, but a little less powerful.


Message History

The orange demon hits you but does no damage.
You slice the orange demon!! Your headbutt misses the orange demon.
The orange demon is severely wounded.
You hit the orange demon. Your headbutt misses the orange demon.
The orange demon is almost dead.
The orange demon completely misses you. You furiously retaliate!
You headbutt the orange demon!
You kill the orange demon!
Your Dodging skill increases to level 19!
You now have enough gold to fund merchants seeking to open stores in the dungeon.
You now have 1618 gold pieces (gained 36).
You see here a halberd.
There is an open door here.
There is an open door to the Dungeon here.
Things that are here:
a club; a dagger Unknown command.
There is a staircase leading out of the dungeon here.
You can't go down here!
You have escaped!

▓▓▓▓▓▓▓▓▓▓▓▓▓▓▓▓▓▓
'....)'.....4X&&@▓
▓▓▓▓▓▓▓▓▓▓▓▓▓▓▓▓▓▓
.................▓
▓▓▓▓▓▓▓▓▓▓▓▓▓▓▓▓.▓
.).......'.......▓
▓▓▓▓▓▓▓▓▓▓▓▓▓▓▓▓▓▓
..[X....[[..)....▓
▓▓▓▓▓▓▓▓▓▓▓▓▓▓▓▓)▓
4..'.X3..31...[..▓


You could see the friendly Niblapo, the friendly Ofoog, a friendly Orb Guardian
and a friendly red devil.

Vanquished Creatures
  Cerebov (D)
  Antaeus (D)
  Asmodeus (D)
  Gloorx Vloq (D)
  2 seraphim (D)
  Lom Lobon (D)
  Mnoleg (D)
  Dispater (D)
  2 ancient liches (D)
  Sojobo (D)
  Boris (D)
  A golden dragon (D)
  Nikola (D)
  3 bone dragons (D)
  3 Tzitzimimeh (D)
  2 Brimstone Fiends (D)
  3 pandemonium lords (D)
  3 Hell Sentinels (D)
  A lich (D)
  15 Orb Guardians (D)
  An Ice Fiend (D)
  An Executioner (D)
  A storm dragon (D)
  3 shadow dragons (D)
  A thorn hunter (D)
  A nagaraja (D)
  2 daevas (D)
  2 cacodemons (D)
  A ghost moth (D)
  5 angels (D)
  An emperor scorpion (D)
  A blood saint (D)
  2 stone giants (D)
  An entropy weaver (D)
  2 reapers (D)
  2 vampire knights (D)
  An ettin (D)
  2 red draconians (D)
  A spark wasp (D)
  A merfolk impaler (D)
  A green death (D)
  A blizzard demon (D)
  A minotaur (shapeshifter) (D)
  A mummy priest (D)
  A monstrous demonspawn (D)
  7 vault guards (D)
  9 hydras (D)
  2 hell beasts (D)
  2 alligators (D)
  4 hell hogs (D)
  4 orc high priests (D)
  2 shock serpents (D)
  3 sun demons (D)
  4 sixfirhies (D)
  A skeletal warrior (D)
  A torturous demonspawn (D)
  5 swamp dragons (D)
  2 shadow demons (D)
  A cherub (D)
  A gelid demonspawn (D)
  4 orc sorcerers (D)
  An ironbrand convoker (D)
  5 orc knights (D)
  A moth of wrath (D)
  3 ugly things (D)
  A black mamba (D)
  8 elephants (D)
  Maurice (D)
  A guardian serpent (D)
  2 smoke demons (D)
  5 orange demons (D)
  3 spiny frogs (D)
  A komodo dragon (D)
  A naga (D)
  2 hellwings (D)
  3 red devils (D)
  A demonic crawler (D)
  An ice devil (D)
  A jumping spider (D)
  A hornet (D)
  A hippogriff (D)
  A slime creature (D)
  A dream sheep (D)
  5 large abominations (D)
  8 spriggans (D)
  2 small abominations (D)
  2 redbacks (D)
  A fire bat (D)
  2 ynoxinuls (D)
  2 fire elementals (D)
  2 basilisks (D)
  6 chaos spawn (D)
  4 neqoxecs (D)
  A vampire mosquito (D)
  2 yaks (D)
  An insubstantial wisp (D)
  An acid dragon (D)
  4 porcupines (D)
  7 hell hounds (D)
  A floating eye (D)
  3 orc warriors (D)
  3 water moccasins (D)
  An ice beast (D)
  2 swamp drakes (D)
  A phantom (D)
  A centaur (D)
  A big kobold (D)
  3 bullfrogs (D)
  A scorpion (D)
  2 crimson imps (D)
  A quasit (D)
  2 hounds (D)
  A jelly (D)
  2 orc wizards (D)
  4 orc priests (D)
  2 iron imps (D)
  A worker ant (D)
  A gnoll (D)
  An adder (D)
  A shadow imp (D)
  2 white imps (D)
  2 ufetubi (D)
  7 ball lightnings (D)
  A leopard gecko (D)
  5 orcs (D)
  A bat skeleton (D)
  2 goblins (D)
  2 bats (D)
  A rat (D)
  3 fire vortices (D)
290 creatures vanquished.

Vanquished Creatures (collateral kills)
  the Royal Jelly (D)
  Mara (D)
  A pandemonium lord (D)
  3 greater mummies (D)
  A golden dragon (D)
  Jory (D)
  A Brimstone Fiend (D)
  An electric golem (D)
  A Tzitzimitl (D)
  A tentacled monstrosity (D)
  An Ice Fiend (D)
  6 Orb Guardians (D)
  2 quicksilver dragons (D)
  An Executioner (D)
  6 acid blobs (D)
  7 sphinxes (D)
  3 storm dragons (D)
  5 shadow dragons (D)
  A draconian monk (D)
  9 azure jellies (D)
  A draconian knight (D)
  A draconian scorcher (D)
  A balrug (D)
  A warmonger (D)
  A cacodemon (D)
  A stone giant (D)
  A black draconian (D)
  2 deep elf demonologists (D)
  4 vampire knights (D)
  A green draconian (D)
  A yellow draconian (D)
  Azrael (D)
  A purple draconian (D)
  A deep elf annihilator (D)
  9 death oozes (D)
  2 mummy priests (D)
  2 fire dragons (D)
  A deep elf death mage (D)
  2 great orbs of eyes (D)
  2 deep elf high priests (D)
  2 vault guards (D)
  A deep troll shaman (D)
  A shock serpent (D)
  A naga sharpshooter (D)
  A soul eater (D)
  An orc knight (D)
  A flayed ghost (D)
  A glowing orange brain (D)
  An unseen horror (D)
  2 wolf spiders (D)
  6 moths of wrath (D)
  A merfolk siren (D)
  2 black mambas (D)
  An orange demon (D)
  A naga mage (D)
  A tarantella (D)
  A demonic crawler (D)
  A yaktaur (D)
  An efreet (D)
  2 tormentors (D)
  2 hellwings (D)
  17 guardian mummies (D)
  A tengu conjurer (D)
  A merfolk (D)
  A hornet (D)
  A ynoxinul (D)
  2 redbacks (D)
  A spriggan (D)
  A basilisk (shapeshifter) (D)
  A golden eye (D)
  A neqoxec (D)
  A naga (D)
  An acid dragon (D)
  An orc warrior (D)
  2 orc priests (D)
152 creatures vanquished.

Vanquished Creatures (others)
  Ereshkigal (D)
  2 seraphim (D)
  5 orbs of fire (D)
  2 ancient liches (D)
  2 greater mummies (D)
  Frederick (D)
  2 curse toes (D)
  5 pandemonium lords (D)
  Geryon (D)
  An electric golem (D)
  A lich (D)
  A Tzitzimitl (D)
  2 Hell Sentinels (D)
  36 Orb Guardians (D)
  3 Ice Fiends (D)
  A tentacled monstrosity (D)
  A quicksilver dragon (D)
  2 hellephants (D)
  A deep elf master archer (D)
  A deep elf blademaster (D)
  Agnes (D)
  2 Executioners (D)
  A death cob (D)
  5 sphinxes (D)
  3 shadow dragons (D)
  2 nagarajas (D)
  3 draconian monks (D)
  2 tengu reavers (D)
  2 storm dragons (D)
  Ilsuiw (D)
  2 daevas (D)
  A vault warden (D)
  A draconian scorcher (D)
  2 frost giants (D)
  2 ghost moths (D)
  Aizul (D)
  3 balrugs (D)
  A cacodemon (D)
  Louise (D)
  3 fire giants (D)
  A draconian shifter (D)
  4 emperor scorpions (D)
  A draconian annihilator (D)
  A draconian stormcaller (D)
  A spriggan defender (D)
  4 ironheart preservers (D)
  2 angels (D)
  2 stone giants (D)
  3 reapers (D)
  A very ugly thing (D)
  4 corrupters (D)
  4 green draconians (D)
  An entropy weaver (D)
  3 vampire knights (D)
  2 deep elf demonologists (D)
  A purple draconian (D)
  2 lorocyprocas (D)
  A deep elf annihilator (D)
  4 merfolk javelineers (D)
  3 yellow draconians (D)
  A naga sharpshooter (D)
  A deep elf death mage (D)
  A blizzard demon (D)
  Snorg (D)
  3 merfolk impalers (D)
  2 green deaths (D)
  2 mummy priests (D)
  2 deep elf high priests (D)
  3 great orbs of eyes (D)
  Harold (D)
  2 deep troll shamans (D)
  4 naga warriors (D)
  2 ice dragons (D)
  16 vault guards (D)
  A merfolk avatar (D)
  A spriggan air mage (D)
  A satyr (D)
  3 centaur warriors (D)
  A death knight (D)
  4 ogre magi (D)
  3 merfolk aquamancers (D)
  A deep troll earth mage (D)
  7 hell hogs (D)
  A thrashing horror (D)
  6 soul eaters (D)
  5 sun demons (D)
  4 orc knights (D)
  A necromancer (D)
  A manticore (D)
  A glowing orange brain (D)
  2 shadow demons (D)
  5 gelid demonspawn (D)
  A cherub (D)
  A sixfirhy (D)
  4 vault sentinels (D)
  5 ironbrand convokers (D)
  3 cyclopes (D)
  An orc sorcerer (D)
  3 moths of wrath (D)
  7 smoke demons (D)
  A toenail golem (D)
  7 rust devils (D)
  3 naga magi (D)
  A water nymph (D)
  4 orange demons (D)
  A demonic crawler (D)
  4 yaktaurs (D)
  2 tormentors (D)
  6 ice devils (D)
  7 red devils (D)
  7 hellwings (D)
  2 freezing wraiths (D)
  A guardian mummy (D)
  2 merfolk (D)
  A wandering mushroom (D)
  A snapping turtle (D)
  3 large abominations (D)
  4 ynoxinuls (D)
  2 spriggans (D)
  A hog (shapeshifter) (D)
  A golden eye (D)
  3 neqoxecs (D)
  7 chaos spawn (D)
  A naga (D)
  11 hell hounds (D)
  4 orc warriors (D)
  An ice beast (D)
  A black bear (shapeshifter) (D)
  A small abomination (D)
  A crimson imp (D)
  An orc priest (D)
  A quasit (D)
  3 iron imps (D)
  2 orc wizards (D)
  3 white imps (D)
  An ufetubus (D)
  3 ball lightnings (D)
  An orc (D)
  2 briar patches (D)
  A fire vortex (D)
378 creatures vanquished.

Grand Total: 820 creatures vanquished

Notes
Turn   | Place    | Note
-------+----------+-------------------------------------------
     0 | D        | equalderp2856 the Minotaur Fighter began the quest for the Orb.
     0 | D        | Reached XP level 1. HP: 19/19 MP: 0/0
    20 | D        | Noticed a scorpion
    20 | D        | Noticed a jelly
    20 | D        | Noticed a hound
    27 | D        | Killed a hound
    27 | D        | Reached skill level 5 in Fighting
    27 | D        | Reached skill level 5 in Armour
    27 | D        | Reached skill level 5 in Shields
    27 | D        | Reached XP level 2. HP: 24/29 MP: 1/1
    27 | D        | Reached XP level 3. HP: 30/36 MP: 2/2
    33 | D        | Reached XP level 4. HP: 25/44 MP: 3/3
    35 | D        | Reached skill level 5 in Axes
    35 | D        | Reached skill level 1 in Dodging
   274 | D        | Found a roughly hewn altar of Beogh.
   274 | D        | Found a snail-covered altar of Cheibriados.
   274 | D        | Found a shadowy altar of Dithmenos.
   274 | D        | Found a white marble altar of Elyvilon.
   274 | D        | Found a blossoming altar of Fedhas.
   274 | D        | Found an opulent altar of Gozag.
   275 | D        | Found a hazy altar of Hepliaklqana.
   276 | D        | Found a viscous altar of Jiyva.
   277 | D        | Found an ancient bone altar of Kikubaaqudgha.
   278 | D        | Found a corrupted altar of Lugonu.
   279 | D        | Found a burning altar of Makhleb.
   280 | D        | Found a sparkling altar of Nemelex Xobeh.
   281 | D        | Found an iron altar of Okawaru.
   282 | D        | Found a stormy altar of Qazlal.
   284 | D        | Became a worshipper of Gozag Ym Sagoz the Greedy
   300 | D        | Found a sacrificial altar of Ru.
   301 | D        | Found a deep blue altar of Sif Muna.
   302 | D        | Found a bloodstained altar of Trog.
   303 | D        | Found a hide-covered altar of Uskayaw.
   304 | D        | Found a radiant altar of Vehumet.
   306 | D        | Found a shimmering altar of Xom.
   307 | D        | Found a basalt altar of Yredelemnul.
   308 | D        | Found a glowing silver altar of Zin.
   309 | D        | Found a glowing golden altar of the Shining One.
   382 | D        | Noticed a centaur
   382 | D        | Noticed a big kobold
   382 | D        | Noticed a yak
   382 | D        | Noticed a phantom
   387 | D        | Reached XP level 5. HP: 48/52 MP: 4/4
   392 | D        | Killed a yak
   392 | D        | Reached XP level 6. HP: 39/61 MP: 5/5
   438 | D        | Reached XP level 7. HP: 32/70 MP: 6/6
   586 | D        | Noticed a green ugly thing
   586 | D        | Noticed a slime creature
   593 | D        | Killed a slime creature
   593 | D        | Reached skill level 10 in Axes
   593 | D        | Reached skill level 10 in Armour
   650 | D        | Killed a green ugly thing
   650 | D        | Reached skill level 10 in Fighting
   650 | D        | Reached skill level 10 in Shields
   650 | D        | Reached XP level 8. HP: 25/79 MP: 7/7
   997 | D        | Reached skill level 1 in Evocations
  1001 | D        | Reached skill level 1 in Stealth
  1009 | D        | Reached XP level 9. HP: 35/89 MP: 8/8
  1239 | D        | Noticed a five-headed hydra
  1239 | D        | Noticed a spiny frog
  1246 | D        | Killed a spiny frog
  1406 | D        | Reached skill level 15 in Axes
  1406 | D        | Reached skill level 5 in Dodging
  1408 | D        | Killed a five-headed hydra
  1693 | D        | Noticed a black mamba
  1698 | D        | Killed a black mamba
  1698 | D        | Reached XP level 10. HP: 99/99 MP: 10/10
  1844 | D        | Noticed an elephant
  1844 | D        | Noticed an elephant
  1844 | D        | Noticed an elephant
  1844 | D        | Noticed an elephant
  1844 | D        | Noticed an elephant
  1844 | D        | Noticed an elephant
  1850 | D        | Killed an elephant
  1856 | D        | Noticed an elephant
  1856 | D        | Killed an elephant
  1863 | D        | Killed an elephant
  1864 | D        | Noticed an elephant
  1866 | D        | Killed an elephant
  1872 | D        | Killed an elephant
  2109 | D        | Killed an elephant
  2117 | D        | Killed an elephant
  2142 | D        | Killed an elephant
  2325 | D        | Noticed an orc knight
  2383 | D        | Killed an orc knight
  2530 | D        | Noticed an orc high priest
  2650 | D        | Noticed an orc knight
  2650 | D        | Noticed an orc knight
  2658 | D        | Killed an orc knight
  2658 | D        | Reached XP level 11. HP: 84/110 MP: 12/12
  2733 | D        | Found Lunorayh's Food Boutique.
  2733 | D        | Noticed an orc sorcerer
  2733 | D        | Noticed an orc high priest
  2733 | D        | Noticed an orc high priest
  2734 | D        | Noticed an orc sorcerer
  2735 | D        | Found Kymempie's Antique Weapon Shop.
  2738 | D        | Noticed an orc sorcerer
  2741 | D        | Killed an orc sorcerer
  2744 | D        | Killed an orc high priest
  2745 | D        | Noticed an orc sorcerer
  2745 | D        | Found Alui's Weapon Boutique.
  2748 | D        | Killed an orc sorcerer
  2749 | D        | Found Duteut's Jewellery Shop.
  2749 | D        | Noticed an orc knight
  2749 | D        | Noticed an orc knight
  2749 | D        | Noticed an orc sorcerer
  2749 | D        | Noticed an orc high priest
  2763 | D        | Killed an orc high priest
  2766 | D        | Killed an orc sorcerer
  2772 | D        | Killed an orc sorcerer
  2772 | D        | Reached skill level 15 in Fighting
  2805 | D        | Killed an orc knight
  2807 | D        | Killed an orc knight
  2823 | D        | Killed an orc sorcerer
  2830 | D        | Killed an orc high priest
  2830 | D        | Reached skill level 5 in Stealth
  2837 | D        | Killed an orc knight
  2990 | D        | Killed an orc high priest
  3162 | D        | Noticed Maurice
  3171 | D        | Killed Maurice
  3210 | D        | Noticed Harold
  3348 | D        | Noticed a centaur warrior
  3348 | D        | Noticed a white ugly thing
  3358 | D        | Killed a white ugly thing
  3360 | D        | Noticed a deep troll earth mage
  3365 | D        | Noticed a necromancer
  3366 | D        | Noticed a great orb of eyes
  3367 | D        | Noticed a glowing orange brain
  3369 | D        | Killed a glowing orange brain
  3373 | D        | Killed a great orb of eyes
  3373 | D        | Reached XP level 12. HP: 124/124 MP: 13/13
  3557 | D        | Reached skill level 15 in Shields
  3870 | D        | Noticed an entropy weaver
  3871 | D        | Noticed an entropy weaver
  3922 | D        | Killed an entropy weaver
  3922 | D        | Reached skill level 15 in Armour
  4065 | D        | Paralysed by a hornet for 2 turns
  4072 | D        | Reached skill level 10 in Dodging
  4276 | D        | Noticed an alligator
  4276 | D        | Noticed an eight-headed hydra
  4277 | D        | Noticed an alligator
  4285 | D        | Noticed a thorn hunter
  4560 | D        | Bought a +0 spear for 39 gold pieces
  4816 | D        | Killed an eight-headed hydra
  4881 | D        | Killed an alligator
  4887 | D        | Killed an alligator
  4887 | D        | Reached skill level 1 in Polearms
  4892 | D        | Killed a thorn hunter
  5113 | D        | Noticed a satyr
  5113 | D        | Noticed a merfolk aquamancer
  5170 | D        | Noticed Agnes
  5196 | D        | Noticed Snorg
  5225 | D        | Killed Snorg
  5272 | D        | Noticed Aizul
  5276 | D        | Noticed Azrael
  5319 | D        | Noticed a great orb of eyes
  5319 | D        | Noticed a deep troll shaman
  5319 | D        | Noticed a fire giant
  5319 | D        | Noticed an ice dragon
  5319 | D        | Noticed a stone giant
  5319 | D        | Noticed a spark wasp
  5324 | D        | Killed an ice dragon
  5327 | D        | Killed a spark wasp
  5328 | D        | Killed a great orb of eyes
  5329 | D        | Noticed a frost giant
  5330 | D        | Noticed a fire giant
  5331 | D        | Noticed a centaur warrior
  5332 | D        | Noticed a great orb of eyes
  5332 | D        | Killed a centaur warrior
  5333 | D        | Noticed a fire giant
  5334 | D        | Noticed a stone giant
  5337 | D        | Killed a stone giant
  5338 | D        | Noticed an ettin
  5339 | D        | Noticed a great orb of eyes
  5340 | D        | Noticed an ice dragon
  5340 | D        | Noticed a centaur warrior
  5341 | D        | Killed a fire giant
  5343 | D        | Killed an ice dragon
  5469 | D        | Noticed an ogre mage
  5469 | D        | Noticed a death knight
  5487 | D        | Killed an ogre mage
  5518 | D        | Reached XP level 13. HP: 122/136 MP: 14/14
  5524 | D        | Noticed an ironheart preserver
  5543 | D        | Killed an ettin
  5544 | D        | Killed an ironheart preserver
  5561 | D        | Noticed a curse toe
  5561 | D        | Noticed a vampire knight
  5561 | D        | Noticed a mummy priest
  5649 | D        | Killed a mummy priest
  5672 | D        | Killed a curse toe
  5703 | D        | Killed a fire giant
  5781 | D        | Killed a stone giant
  6077 | D        | Paralysed by something for 3 turns
  6084 | D        | Killed a vampire knight
  6419 | D        | Noticed Mara
  6619 | D        | Noticed Jory
  6632 | D        | Noticed Louise
  6674 | D        | Noticed an emperor scorpion
  6674 | D        | Noticed an emperor scorpion
  6730 | D        | Banished an emperor scorpion
  6736 | D        | Killed Louise
  6798 | D        | Killed a ghost moth
  6838 | D        | Killed an emperor scorpion
  6887 | D        | Killed a ghost moth
  7127 | D        | Noticed an emperor scorpion
  7128 | D        | Noticed an emperor scorpion
  7221 | D        | Killed a ghost moth
  7233 | D        | Killed an emperor scorpion
  7243 | D        | Killed an emperor scorpion
  7444 | D        | Noticed an emperor scorpion
  7471 | D        | Killed an emperor scorpion
  7479 | D        | Got a gossamer rune of Zot
  8375 | D        | Reached skill level 5 in Polearms
  8993 | D        | Got a decaying rune of Zot
  9000 | D        | Noticed a merfolk impaler
  9000 | D        | Noticed a merfolk impaler
  9000 | D        | Noticed a merfolk impaler
  9001 | D        | Noticed Ilsuiw
  9002 | D        | Noticed a merfolk javelineer
  9003 | D        | Noticed a merfolk javelineer
  9004 | D        | Noticed a merfolk javelineer
  9005 | D        | Noticed a merfolk impaler
  9013 | D        | Killed a merfolk impaler
  9014 | D        | Noticed a merfolk javelineer
  9017 | D        | Got a barnacled rune of Zot
  9043 | D        | Noticed a nagaraja
  9043 | D        | Noticed a nagaraja
  9044 | D        | Noticed a nagaraja
  9078 | D        | Got a serpentine rune of Zot
  9102 | D        | Noticed Nikola
  9116 | D        | Noticed Sojobo
  9117 | D        | Noticed a tengu reaver
  9121 | D        | Killed a tengu reaver
  9123 | D        | Your ally died
  9130 | D        | Killed Nikola
  9175 | D        | Killed a merfolk javelineer
  9192 | D        | Killed a nagaraja
  9210 | D        | Killed a nagaraja
  9253 | D        | Killed a tengu reaver
  9256 | D        | Killed Sojobo
  9304 | D        | Killed a merfolk javelineer
  9380 | D        | Killed a merfolk impaler
  9484 | D        | Noticed a lich
  9484 | D        | Noticed an ironheart preserver
  9495 | D        | Reached XP level 14. HP: 108/149 MP: 15/15
  9499 | D        | Killed an ironheart preserver
  9514 | D        | Noticed a shadow dragon
  9545 | D        | Killed a shadow dragon
  9562 | D        | Noticed a shadow dragon
  9563 | D        | Noticed a stone giant
  9565 | D        | Noticed an ironheart preserver
  9571 | D        | Killed an ironheart preserver
  9609 | D        | Killed a shadow dragon
  9878 | D        | Noticed a shadow dragon
  9878 | D        | Noticed a vault warden
  9878 | D        | Noticed a shadow dragon
  9878 | D        | Noticed a tentacled monstrosity
  9878 | D        | Noticed a shadow dragon
  9884 | D        | Killed a vault warden
 10019 | D        | Killed a stone giant
 10215 | D        | Noticed equalderp2856's illusion
 10229 | D        | Killed Mara
 10341 | D        | Killed Azrael
 10776 | D        | Killed a nagaraja
 10938 | D        | Killed a shadow dragon
 11083 | D        | Killed a shadow dragon
 11111 | D        | Killed a shadow dragon
 11112 | D        | Noticed a shadow dragon
 11134 | D        | Killed a shadow dragon
 11219 | D        | Noticed a shadow dragon
 11237 | D        | Killed a shadow dragon
 11305 | D        | Noticed a stone giant
 11321 | D        | Got a silver rune of Zot
 11373 | D        | Noticed Boris
 11382 | D        | Noticed Frederick
 11431 | D        | Got the ring "Opseik" {Fire +Inv Str-5 Int-5 Dex+7}
 11433 | D        | Got the ring "Apaomeor" {Ice Str+4}
 11452 | D        | Got the ring of Plog {EV+3 Int+9}
 11454 | D        | Got the ring of Makhleb's Benevolence {rPois rN+ Str-4 Slay+3}
 11456 | D        | Got the amulet "Mymai" {Spirit Str+3}
 11492 | D        | Got the +5 broad axe of Unreason {chop, rC+ rN+ MP+9 Dex+4}
 11497 | D        | Paralysed by fainting for 5 turns
 11503 | D        | Paralysed by fainting for 12 turns
 11722 | D        | Noticed a spriggan defender
 11722 | D        | Noticed a frost giant
 11722 | D        | Noticed a stone giant
 11723 | D        | Noticed a green very ugly thing
 11726 | D        | Killed a green very ugly thing
 11741 | D        | Noticed a bone dragon
 11741 | D        | Noticed a bone dragon
 11741 | D        | Noticed a bone dragon
 11741 | D        | Noticed a golden dragon
 11753 | D        | Reached skill level 1 in Spellcasting
 11754 | D        | Killed a spriggan defender
 11755 | D        | Killed a golden dragon
 11779 | D        | Your ally died
 11781 | D        | Killed a bone dragon
 11787 | D        | Killed a bone dragon
 11791 | D        | Killed a bone dragon
 12006 | D        | Noticed a quicksilver dragon
 12006 | D        | Noticed a yellow draconian monk
 12006 | D        | Noticed a purple draconian monk
 12009 | D        | Killed a quicksilver dragon
 12080 | D        | Noticed a shadow dragon
 12080 | D        | Noticed a curse toe
 12080 | D        | Noticed a red draconian knight
 12080 | D        | Noticed a quicksilver dragon
 12080 | D        | Noticed a purple draconian monk
 12081 | D        | Killed a quicksilver dragon
 12084 | D        | Killed a yellow draconian monk
 12091 | D        | Killed a curse toe
 12094 | D        | Killed a storm dragon
 12103 | D        | Killed a shadow dragon
 12320 | D        | Noticed a tentacled monstrosity
 12320 | D        | Noticed a storm dragon
 12320 | D        | Noticed a golden dragon
 12320 | D        | Noticed a shadow dragon
 12325 | D        | Noticed a black draconian scorcher
 12325 | D        | Killed a golden dragon
 12326 | D        | Noticed a storm dragon
 12335 | D        | Killed a tentacled monstrosity
 12341 | D        | Killed a shadow dragon
 12341 | D        | Reached skill level 5 in Spellcasting
 12343 | D        | Your ally died
 12349 | D        | Killed a storm dragon
 12356 | D        | Killed a black draconian scorcher
 12357 | D        | Killed a storm dragon
 12885 | D        | Noticed a storm dragon
 12885 | D        | Noticed a storm dragon
 12885 | D        | Noticed a death cob
 12885 | D        | Noticed a red draconian shifter
 12886 | D        | Noticed a green draconian monk
 12893 | D        | Killed a death cob
 12898 | D        | Killed a green draconian monk
 12906 | D        | Killed a storm dragon
 12907 | D        | Killed a storm dragon
 13142 | D        | Noticed an Orb Guardian
 13142 | D        | Noticed an Orb Guardian
 13142 | D        | Noticed an Orb Guardian
 13142 | D        | Noticed an Orb Guardian
 13142 | D        | Noticed an Orb Guardian
 13142 | D        | Noticed an Orb Guardian
 13142 | D        | Killed an Orb Guardian
 13144 | D        | Noticed an Orb Guardian
 13145 | D        | Noticed an Orb Guardian
 13146 | D        | Noticed an Orb Guardian
 13155 | D        | Noticed a storm dragon
 13155 | D        | Noticed a shadow dragon
 13155 | D        | Noticed an Orb Guardian
 13155 | D        | Noticed an Orb Guardian
 13155 | D        | Noticed an orb of fire
 13166 | D        | Killed an Orb Guardian
 13166 | D        | Killed an Orb Guardian
 13172 | D        | Killed a shadow dragon
 13174 | D        | Noticed an Orb Guardian
 13174 | D        | Killed a storm dragon
 13174 | D        | Killed an Orb Guardian
 13190 | D        | Noticed an ancient lich
 13193 | D        | Noticed an orb of fire
 13195 | D        | Killed an Orb Guardian
 13196 | D        | Noticed an electric golem
 13204 | D        | Killed an Orb Guardian
 13204 | D        | Killed an electric golem
 13204 | D        | Reached XP level 15. HP: 94/162 MP: 17/23
 13387 | D        | Noticed a red draconian scorcher
 13387 | D        | Noticed an ancient lich
 13387 | D        | Noticed an Orb Guardian
 13387 | D        | Noticed a quicksilver dragon
 13389 | D        | Killed an Orb Guardian
 13391 | D        | Killed an Orb Guardian
 13392 | D        | Killed an ancient lich
 13392 | D        | Killed a quicksilver dragon
 13546 | D        | Killed an Orb Guardian
 13618 | D        | Noticed an orb of fire
 13619 | D        | Noticed an orb of fire
 13620 | D        | Noticed an orb of fire
 13621 | D        | Noticed an electric golem
 13622 | D        | Killed a shadow dragon
 13625 | D        | Killed an electric golem
 13669 | D        | Noticed an Orb Guardian
 13669 | D        | Noticed an Orb Guardian
 13669 | D        | Noticed an Orb Guardian
 13669 | D        | Noticed an Orb Guardian
 13669 | D        | Noticed an Orb Guardian
 13669 | D        | Noticed an Orb Guardian
 13672 | D        | Killed an Orb Guardian
 13673 | D        | Killed an Orb Guardian
 13676 | D        | Killed an Orb Guardian
 13677 | D        | Killed an Orb Guardian
 13682 | D        | Killed an Orb Guardian
 13683 | D        | Killed an Orb Guardian
 13687 | D        | Killed an Orb Guardian
 13688 | D        | Noticed an Orb Guardian
 13689 | D        | Noticed an Orb Guardian
 13694 | D        | Killed an Orb Guardian
 13705 | D        | Killed an Orb Guardian
 13710 | D        | Noticed an Orb Guardian
 13711 | D        | Noticed an Orb Guardian
 13716 | D        | Killed an Orb Guardian
 13723 | D        | Killed an Orb Guardian
 13865 | D        | Noticed an ancient lich
 13872 | D        | Noticed an ancient lich
 13889 | D        | Killed an orb of fire
 13929 | D        | Noticed a Brimstone Fiend
 13964 | D        | Killed an ancient lich
 13971 | D        | Killed an ancient lich
 14155 | D        | Your ally baker died
 14253 | D        | Noticed a deep elf master archer
 14254 | D        | Noticed a deep elf blademaster
 14563 | D        | Got an elven rune of Zot
 14579 | D        | Noticed an acid blob
 14579 | D        | Noticed an acid blob
 14590 | D        | Paralysed by a floating eye for 4 turns
 14595 | D        | Paralysed by a floating eye for 2 turns
 14600 | D        | Paralysed by a floating eye for 3 turns
 14602 | D        | Killed an acid blob
 14605 | D        | Killed an acid blob
 14609 | D        | Paralysed by a floating eye for 3 turns
 14618 | D        | Paralysed by a floating eye for 3 turns
 14623 | D        | Paralysed by a floating eye for 2 turns
 14630 | D        | Paralysed by a floating eye for 2 turns
 14637 | D        | Paralysed by a floating eye for 2 turns
 14644 | D        | Paralysed by a floating eye for 2 turns
 14648 | D        | Paralysed by a floating eye for 3 turns
 14919 | D        | Noticed an azure jelly
 14924 | D        | Killed an azure jelly
 14927 | D        | Noticed an azure jelly
 14928 | D        | Noticed the Royal Jelly
 14932 | D        | Killed an azure jelly
 14933 | D        | Noticed an acid blob
 14933 | D        | Noticed an azure jelly
 14933 | D        | Killed an azure jelly
 14934 | D        | Noticed an azure jelly
 14936 | D        | Killed an acid blob
 14937 | D        | Noticed an acid blob
 14937 | D        | Killed an acid blob
 14937 | D        | Killed an azure jelly
 14938 | D        | Killed the Royal Jelly
 14938 | D        | Reached skill level 15 in Dodging
 14939 | D        | Noticed an azure jelly
 14939 | D        | Killed an azure jelly
 14944 | D        | Noticed an acid blob
 14946 | D        | Killed an acid blob
 14947 | D        | Killed an azure jelly
 14952 | D        | Noticed an azure jelly
 14952 | D        | Killed an azure jelly
 14953 | D        | Killed an acid blob
 14954 | D        | Killed an azure jelly
 14954 | D        | Reached skill level 10 in Stealth
 14956 | D        | Killed an azure jelly
 14960 | D        | Got a slimy rune of Zot
 15083 | D        | Noticed a sphinx
 15083 | D        | Noticed a sphinx
 15083 | D        | Noticed a sphinx
 15083 | D        | Noticed a sphinx
 15083 | D        | Noticed a sphinx
 15083 | D        | Noticed a sphinx
 15088 | D        | Noticed a sphinx
 15089 | D        | Noticed a sphinx
 15090 | D        | Noticed a sphinx
 15092 | D        | Killed a sphinx
 15092 | D        | Killed a sphinx
 15096 | D        | Killed a sphinx
 15096 | D        | Killed a sphinx
 15099 | D        | Killed a sphinx
 15101 | D        | Killed a sphinx
 15102 | D        | Killed a sphinx
 15102 | D        | Reached XP level 16. HP: 174/174 MP: 28/28
 15102 | D        | Killed a sphinx
 15135 | D        | Reached skill level 10 in Spellcasting
 15402 | D        | Noticed a greater mummy
 15402 | D        | Noticed a greater mummy
 15402 | D        | Noticed a greater mummy
 15402 | D        | Noticed a greater mummy
 15408 | D        | Killed a greater mummy
 15418 | D        | Killed a greater mummy
 15430 | D        | Killed a greater mummy
 15443 | D        | Killed an orb of fire
 15444 | D        | Paralysed by a vampire knight for 6 turns
 15445 | D        | Killed an Orb Guardian
 15453 | D        | Killed a sphinx
 15490 | D        | Killed a greater mummy
 15634 | D        | Killed a greater mummy
 16632 | D        | Got a golden rune of Zot
 16768 | D        | Got an abyssal rune of Zot
 16954 | D        | Noticed Geryon
 16972 | D        | Killed Geryon
 17040 | D        | Noticed Ereshkigal
 17040 | D        | Noticed Cerebov
 17041 | D        | Noticed Gloorx Vloq
 17044 | D        | Noticed an Ice Fiend
 17415 | D        | Killed an orb of fire
 17465 | D        | Killed Cerebov
 18081 | D        | Killed Ereshkigal
 18884 | D        | Killed an orb of fire
 18964 | D        | Noticed an Executioner
 18966 | D        | Killed Gloorx Vloq
 19477 | D        | Got a fiery rune of Zot
 19479 | D        | Noticed Lom Lobon
 19530 | D        | Noticed Mnoleg
 19545 | D        | Noticed a tentacled monstrosity
 19554 | D        | Gained mutation: You do not regenerate when monsters are visible. [Mnoleg's mutagenic touch]
 19560 | D        | Noticed a tentacled monstrosity
 19571 | D        | Killed Mnoleg
 19591 | D        | Killed Lom Lobon
 19591 | D        | Reached XP level 17. HP: 174/190 MP: 32/32
 19633 | D        | Noticed Asmodeus
 19662 | D        | Noticed a Brimstone Fiend
 19675 | D        | Killed Asmodeus
 19695 | D        | Noticed Antaeus
 19726 | D        | Killed Antaeus
 19726 | D        | Reached skill level 27 in Fighting
 19726 | D        | Reached skill level 27 in Axes
 19726 | D        | Reached skill level 27 in Shields
 19734 | D        | Noticed Dispater
 19757 | D        | Killed Dispater
 19757 | D        | Reached skill level 15 in Spellcasting
 19762 | D        | Got a dark rune of Zot
 19766 | D        | Got a magical rune of Zot
 19770 | D        | Got a glowing rune of Zot
 19774 | D        | Got an iron rune of Zot
 19778 | D        | Got an obsidian rune of Zot
 19782 | D        | Got an icy rune of Zot
 19801 | D        | Got a bone rune of Zot
 20791 | D        | Got the Orb of Zot
 20886 | D        | Killed Aizul
 20911 | D        | Killed Harold
 20921 | D        | Noticed Cezibes the pandemonium lord
 20932 | D        | Killed Cezibes the pandemonium lord
 20995 | D        | Killed Boris
 21029 | D        | Killed Agnes
 21155 | D        | Noticed an Orb Guardian
 21163 | D        | Killed an Orb Guardian
 21193 | D        | Noticed an Orb Guardian
 21198 | D        | Killed an Orb Guardian
 21348 | D        | Gained mutation: You are partially covered in thin metallic scales. (AC +2) [a neqoxec]
 21352 | D        | Gained mutation: You tend to lose your temper in combat. [a neqoxec]
 21465 | D        | Noticed a seraph
 21534 | D        | Bought 2 potions of haste for 700 gold pieces
 21579 | D        | Bought a scroll of blinking for 105 gold pieces
 21579 | D        | Bought a scroll of acquirement for 728 gold pieces
 21682 | D        | Noticed an Ice Fiend
 21683 | D        | Noticed a Brimstone Fiend
 21690 | D        | Killed an Orb Guardian
 21797 | D        | Noticed an Orb Guardian
 21809 | D        | Killed an Orb Guardian
 21809 | D        | Reached skill level 27 in Armour
 21810 | D        | Noticed Peuschun the pandemonium lord
 21865 | D        | Lost mutation: You do not regenerate when monsters are visible. [potion of mutation]
 21865 | D        | Lost mutation: You tend to lose your temper in combat. [potion of mutation]
 21865 | D        | Lost mutation: You are partially covered in thin metallic scales. (AC +2) [potion of mutation]
 21865 | D        | Gained mutation: You are weak. (Str -2) [potion of mutation]
 21865 | D        | Gained mutation: You have a pair of large horns on your head. [potion of mutation]
 21865 | D        | Gained mutation: You are partially covered in yellow scales. (AC +2) [potion of mutation]
 21865 | D        | Gained mutation: You are mostly covered in yellow scales. (AC +3) [potion of mutation]
 21929 | D        | Noticed an Orb Guardian
 21932 | D        | Killed an Orb Guardian
 22032 | D        | Killed an Orb Guardian
 22035 | D        | Noticed Akhow the pandemonium lord
 22040 | D        | Killed an Orb Guardian
 22046 | D        | Killed a Brimstone Fiend
 22068 | D        | Killed Akhow the pandemonium lord
 22081 | D        | Killed Feuficei the pandemonium lord
 22105 | D        | Noticed an Orb Guardian
 22117 | D        | Killed an Orb Guardian
 22122 | D        | Noticed an Orb Guardian
 22127 | D        | Noticed a Tzitzimitl
 22130 | D        | Noticed an Orb Guardian
 22138 | D        | Killed an Orb Guardian
 22138 | D        | Reached skill level 15 in Stealth
 22146 | D        | Killed a Tzitzimitl
 22158 | D        | Killed an Orb Guardian
 22159 | D        | Killed an Orb Guardian
 22172 | D        | Noticed a Hell Sentinel
 22179 | D        | Killed a deep elf master archer
 22200 | D        | Killed a Hell Sentinel
 22200 | D        | Reached XP level 18. HP: 167/200 MP: 23/39
 22268 | D        | Noticed a seraph
 22332 | D        | Killed Ristram the pandemonium lord
 22384 | D        | Killed a seraph
 22430 | D        | Noticed a Hell Sentinel
 22439 | D        | Killed a Hell Sentinel
 22481 | D        | Noticed an Orb Guardian
 22488 | D        | Killed an Orb Guardian
 22537 | D        | Gained mutation: Your magical capacity is low. (-10% MP) [a neqoxec]
 22538 | D        | Lost mutation: You have a pair of large horns on your head. [a neqoxec]
 22578 | D        | Killed Dufa the pandemonium lord
 22582 | D        | Noticed an Ice Fiend
 22583 | D        | Noticed Unegutih the pandemonium lord
 22614 | D        | Killed Unegutih the pandemonium lord
 22619 | D        | Killed an Ice Fiend
 22649 | D        | Noticed an Orb Guardian
 22650 | D        | Noticed an Orb Guardian
 22657 | D        | Killed an Orb Guardian
 22678 | D        | Killed an Orb Guardian
 22693 | D        | Killed Yzeetaol the pandemonium lord
 22704 | D        | Gained mutation: Your spells are a little easier to cast, but a little less powerful. [a cacodemon]
 22815 | D        | Noticed a Tzitzimitl
 22825 | D        | Killed a Tzitzimitl
 22835 | D        | Noticed an Orb Guardian
 22837 | D        | Noticed an Orb Guardian
 22856 | D        | Killed an Orb Guardian
 22865 | D        | Killed an Orb Guardian
 22870 | D        | Noticed a lich
 22879 | D        | Noticed a Brimstone Fiend
 22882 | D        | Noticed a Hell Sentinel
 22882 | D        | Killed a lich
 22885 | D        | Noticed an Orb Guardian
 22893 | D        | Killed a Hell Sentinel
 22899 | D        | Killed a Brimstone Fiend
 22903 | D        | Killed an Orb Guardian
 22941 | D        | Lost mutation: You are weak. (Str -2) [potion of mutation]
 22941 | D        | Lost mutation: Your magical capacity is low. (-10% MP) [potion of mutation]
 22941 | D        | Gained mutation: You occasionally shout uncontrollably at your foes. [potion of mutation]
 22941 | D        | Gained mutation: You are partially covered in icy blue scales. (AC +2) [potion of mutation]
 22949 | D        | Noticed an Orb Guardian
 22954 | D        | Killed an Orb Guardian
 22969 | D        | Noticed an Orb Guardian
 22989 | D        | Killed an Orb Guardian
 22998 | D        | Reached XP level 19. HP: 50/207 MP: 28/43
 23010 | D        | Noticed a seraph
 23017 | D        | HP: 9/207 [seraph/great sword of flaming (23)]
 23028 | D        | Killed a hellephant
 23030 | D        | Killed a seraph
 23086 | D        | Noticed Bocub the pandemonium lord
 23211 | D        | Noticed a Brimstone Fiend
 23235 | D        | Killed a seraph
 23253 | D        | Killed a hellephant
 23256 | D        | Noticed a Tzitzimitl
 23386 | D        | Noticed Hoahoa the pandemonium lord
 23413 | D        | Noticed a Brimstone Fiend
 23423 | D        | Killed a Brimstone Fiend
 23457 | D        | Killed a seraph
 23481 | D        | Noticed a Tzitzimitl
 23549 | D        | Killed a Tzitzimitl
 23555 | D        | Noticed Niblapo the pandemonium lord
 23640 | D        | Gained mutation: You tend to lose your temper in combat. [a neqoxec]
 23729 | D        | Noticed a Tzitzimitl
 23737 | D        | Noticed Ofoog the pandemonium lord
 23741 | D        | Killed a Tzitzimitl
 23812 | D        | Noticed Aleury the pandemonium lord
 23841 | D        | Killed Aleury the pandemonium lord
 23854 | D        | Killed a Tzitzimitl
 23860 | D        | Killed Goeseynk the pandemonium lord
 23957 | D        | Escaped with the Orb!

Skill      XL: |  1  2  3  4  5  6  7  8  9 10 11 12 13 14 15 16 17 18 19 |
---------------+----------------------------------------------------------+-----
Fighting       | 5 6 7 8 9 10 11 12 14 16 18 20 22 24 26 27 | 27.0
Shields        | 5 6 7 8 9 10 12 13 14 16 19 21 23 26 27 | 27.0
Axes           | 3 4 5 7 9 12 14 16 18 20 21 23 24 26 27 | 27.0
Armour         | 5 6 7 8 9 10 11 12 13 14 17 18 21 23 25 27 | 27.0
Dodging        | 1 2 3 4 6 7 9 10 11 13 15 16 18 19 | 19.0
Evocations     | 1 2 3 |  3.3
Stealth        | 1 2 3 5 6 7 9 10 12 16 23 26 | 26.0
Polearms       | 2 9 |  9.4
Spellcasting   | 6 9 12 18 21 22 | 22.3

Action                   |  1- 3 |  4- 6 |  7- 9 | 10-12 | 13-15 | 16-18 | 19-21 || total
-------------------------+-------+-------+-------+-------+-------+-------+-------++-------
Melee: War axe           |    22 |     2 |       |       |       |       |       ||    24
       Headbutt          |     2 |     6 |    15 |    66 |   116 |   233 |    33 ||   471
       Broad axe         |       |    29 |    78 |   297 |   360 |   650 |   125 ||  1539
       Spear             |       |       |       |    13 |    75 |       |       ||    88
Invok: Bribe Branch      |       |       |       |     1 |     8 |     2 |     2 ||    13
       Potion Petition   |       |       |       |     3 |     3 |    22 |     4 ||    32
       Call Merchant     |       |       |       |       |       |     4 |       ||     4
Evoke: Wand              |       |       |     6 |     1 |       |       |       ||     7
  Use: Potion            |       |       |     5 |       |     8 |    24 |       ||    37
       Scroll            |       |       |       |     2 |     4 |     9 |     2 ||    17
 Stab: Distracted        |       |       |     1 |     4 |    10 |    17 |     7 ||    39
       Paralysed         |       |       |       |     2 |       |       |       ||     2
       Invisible         |       |       |       |       |       |     6 |       ||     6
  Eat: Bread ration      |       |       |       |     3 |     7 |     4 |       ||    14
       Meat ration       |       |       |       |       |       |     1 |     1 ||     2
Armor: Scale mail        |    11 |    15 |    14 |    18 |       |       |       ||    58
       Chain mail        |       |       |       |    44 |   239 |     9 |       ||   292
       Plate armour      |       |       |       |     1 |       |   111 |    40 ||   152
Dodge: Dodged            |    10 |     9 |    24 |    94 |   222 |   115 |    33 ||   507
Block: Shield            |    11 |    10 |    40 |   121 |   256 |    17 |       ||   455
       Large shield      |       |       |       |       |       |   393 |   122 ||   515
